 Dungeon Crawl Stone Soup version 0.31-a0-795-g5eb97db20b (webtiles) character file.

Game seed: 6653127956146825147

113456 Turgor the Mimic (level 16, -1/128 HPs)
             Began as a Barachi Shapeshifter on Sept 14, 2023.
             Was the Champion of Wu Jian.
             Slain by an Ice Fiend (10 damage)
             ... in an ice cave on Sept 18, 2023.
             The game lasted 03:17:14 (31304 turns).

Turgor the Mimic (Barachi Shapeshifter)            Turns: 31304, Time: 03:17:16

Health: -1/128     AC: 25    Str: 15    XL:     16   Next: 63%
Magic:  26/26      EV: 13    Int: 21    God:    Wu Jian [******]
Gold:   1393       SH:  0    Dex: 20    Spells: 10/29 levels left

rFire   + .          .
                       - Unarmed
rCold   + + .        (shield currently unavailable)
rNeg    . . .        J - +7 chain mail "Lufio" {rC+ Int+4}
rPois   .            g - +2 helmet
rElec   .            X - +2 cloak {rCorr}
rCorr   +            (gloves currently unavailable)
SInv    .            t - +1 pair of boots
Will    +....        x - amulet of Nodiun {rF+ Regen+} Stlth
                     l - ring of protection from cold
HPRegen 1.21/turn    L - +6 ring of dexterity
MPRegen 0.20/turn

%: no passive effects
@: blade hands, slowed, serpent's lash, very slow
A: amphibious, slowness 1, strong legs 2, +LOS
a: Hop, Begin Untransformation, Renounce Religion, Wall Jump, Serpent's Lash,
Heavenly Storm


You were in an ice cave.
You worshipped Wu Jian.
Wu Jian was exalted by your worship.
You had blades for hands.
You visited 4 branches of the dungeon, and saw 23 of its levels.
You also visited: Ossuary and Ice Cave.

You collected 2306 gold pieces.
You spent 913 gold pieces at shops.

Inventory:

Hand Weapons
 b - the +8 shortbow "Cacizilu" {heavy, *Corrode rN+ Stlth+}
   (You found it on level 2 of the Dungeon)

   rN+:       It protects you from negative energy.
   *Corrode:  It may corrode you when you take damage.
   Stlth+:    It makes you more stealthy.
Missiles
 B - 8 curare-tipped darts
Armour
 c - a +0 pair of boots of stealth
 g - a +2 helmet (worn)
 t - a +1 pair of boots (worn)
 J - the +7 chain mail "Lufio" (worn) {rC+ Int+4}
   (You found it on level 10 of the Dungeon)

   Int+4:     It affects your intelligence (+4).
   rC+:       It protects you from cold.
 X - a +2 cloak of preservation (worn)
Jewellery
 l - a ring of protection from cold (left blade hand)
 n - a +6 ring of intelligence
 x - the amulet of Nodiun (around neck) {rF+ Regen+}
   (You found it on level 15 of the Dungeon)

   [amulet of regeneration]

   rF+:       It protects you from fire.
   Regen+:    It increases your rate of health regeneration.
 z - a ring of see invisible
 F - the ring of Keddir {Fire +Blink}
   (You found it on level 1 of the Lair of Beasts)

   [ring of fire]

   Fire:      It enhances your fire magic.
   rF+:       It protects you from fire.
   rC-:       It makes you vulnerable to cold.
   +Blink:    It lets you blink.
 L - a +6 ring of dexterity (right blade hand)
 M - a ring of willpower
 Q - a ring of flight
Talismans
 S - a blade talisman (active)
 Y - a maw talisman
Wands
 e - a wand of acid (12) (quivered)
 q - a wand of roots (12)
 E - a wand of flame (17)
 O - a wand of digging (9)
Scrolls
 f - 4 scrolls of brand weapon
 i - 2 scrolls of immolation
 j - a scroll of silence
 k - 4 scrolls of enchant weapon
 o - 3 scrolls of teleportation
 p - a scroll of butterflies
 w - a scroll of enchant armour {unknown}
 y - a scroll of torment
 I - a scroll of poison
 N - 3 scrolls of fog
Potions
 a - 3 potions of cancellation
 m - a potion of mutation
 r - 5 potions of enlightenment
 s - 3 potions of magic
 u - 3 potions of brilliance
 A - 2 potions of lignification
 G - 2 potions of might
 H - 3 potions of heal wounds
 P - a potion of attraction
 R - 2 potions of resistance
 T - a potion of berserk rage
 W - a potion of invisibility
Miscellaneous
 K - a sack of spiders
 V - a lightning rod (4/4)


   Skills:
 + Level 12.3 Fighting
 + Level 11.9 Armour
 + Level 10.7 Dodging
 + Level 13.6 Unarmed Combat
 - Level 7.0 Spellcasting
 - Level 10.0 Translocations
 - Level 12.0 Air Magic
 * Level 14.8 Shapeshifting


You had 10 spell levels left.
You knew the following spells:

 Your Spells              Type           Power      Damage    Failure   Level
a - Lesser Beckoning      Tloc           98%        N/A       1%          2
b - Vhi's Electric Charg  Tloc/Air       100%       N/A       8%          4
c - Airstrike             Air            27%        2d(4-20)  4%          4
d - Swiftness             Air            55%        N/A       1%          3
e - Conjure Ball Lightni  Conj/Air       16%        3x3d6     100%        6

Your spell library contained the following spells:

 Spells                   Type           Power      Damage    Failure   Level
 Apportation              Tloc           98%        N/A       1%          1
 Gell's Gravitas          Tloc           49%        N/A       3%          3
 Teleport Other           Tloc           49%        N/A       3%          3
 Shock                    Conj/Air       100%       1d9       6%          1
 Cigotuvi's Dreadful Rot  Necr/Pois/Air  48%        N/A       21%         2
 Freeze                   Ice            28%        1d5       56%         1
 Kiss of Death            Conj/Necr      28%        2d7       56%         1
 Magic Dart               Conj           28%        1d4       56%         1
 Summon Small Mammal      Summ           28%        N/A       56%         1
 Jinxbite                 Hex            14%        N/A       71%         2
 Searing Ray              Conj           14%        2d5       71%         2
 Arcjolt                  Conj/Air       16%        1d26      85%         5
 Call Canine Familiar     Summ           7%         N/A       90%         3
 Confusing Touch          Hex            7%         N/A       90%         3
 Frozen Ramparts          Ice            14%        1d3       90%         3
 Hailstorm                Conj/Ice       7%         3d4       90%         3
 Inner Flame              Hex/Fire       7%         N/A       90%         3
 Summon Guardian Golem    Hex/Summ       7%         N/A       90%         3
 Dispel Undead            Necr           7%         3d8       100%        4
 Flame Wave               Conj/Fire      7%         2d5       100%        4
 Fulminant Prism          Conj/Hex       3%         3d5       100%        4
 Sticky Flame             Conj/Fire      7%         2d3       100%        4
 Alistair's Intoxication  Tmut/Pois      4%         N/A       100%        5
 Fireball                 Conj/Fire      3%         3d4       100%        5
 Iskenderun's Battlesphe  Conj           7%         2d6       100%        5
 Death Channel            Necr           3%         N/A       100%        6
 Orb of Destruction       Conj           3%         9d5       100%        7
 Spellforged Servitor     Conj/Summ      3%         N/A       100%        7
 Maxwell's Capacitive Co  Air            27%        ∞         100%        8


Dungeon Overview and Level Annotations

Branches:
Dungeon (15/15)            Temple (0/1) D:5            Lair (5/5) D:9
 Shoals (1/4) Lair:2        Snake (0/4) Lair:3        Slime (0/5) Lair:4
    Orc (2/2) D:12            Elf (0/3) Orc:2        Vaults (0/5) D:14
 Depths (0/4) D:15        Ossuary (visited)           IceCv (1/1)

Altars:
Ashenzari
Elyvilon
Fedhas
Gozag
Hepliaklqana
Kikubaaqudgha
Makhleb
Wu Jian
Xom
Zin
The Shining One

Shops:
D:5 *!*(*   D:8 (   Orc:2 =[((

Portals:
Hell: Lair:5

Annotations:
Lair:4 1 runed translucent door, Maratek's ghost, journeyman OpFi


Innate Abilities, Weirdness & Mutations

You have blades for hands.
You are incapable of wielding weapons or throwing items.
You are amphibious.
You cover ground slowly.
You can hop long distances.
You have an extended range of vision and can be seen from far away.


Message History

You feel less confused.
You start resting.
HP restored.
You lunge at the freezing wraith.
You slash the freezing wraith! x2
The freezing wraith is heavily damaged.
The freezing wraith barely misses you. The freezing wraith closely misses you.
The freezing wraith hits you! The freezing wraith freezes you. You resist.
The freezing wraith hits you. The freezing wraith drains your vigour!
You feel yourself slow down.
Unknown command.
You slice the freezing wraith!!
You destroy the freezing wraith!
The Council accepts your kill.
You hear a roar!
You start resting.
An Ice Fiend is nearby!
Your muscles tense, ready for explosive movement...
You hit the Ice Fiend but do no damage. The Ice Fiend closely misses you.
The Ice Fiend misses you.
You slice the Ice Fiend!!
The Ice Fiend is moderately wounded.
The Ice Fiend calls on the powers of darkness!
Your body is wracked with pain!
You barely miss the Ice Fiend.
The Ice Fiend is moderately wounded.
The Ice Fiend gestures at you. The bolt of cold misses you.
You hit the Ice Fiend but do no damage.
The Ice Fiend is lightly wounded.
The Ice Fiend calls on the powers of darkness!
Your body is wracked with pain!
* * * LOW HITPOINT WARNING * * *
You slice the Ice Fiend!!
The Ice Fiend is heavily wounded.
The Ice Fiend claws you!
* * * LOW HITPOINT WARNING * * *
The Ice Fiend freezes you! You resist.
* * * LOW HITPOINT WARNING * * *
The Ice Fiend claws you!
You die...

###### ###....### ##........###
##....###....## #####
#...###.###...## ##...#####
#...##....####.. ##........##
######..##.....##..
#..........###.#............###.
##..........#..@1.....##..)##...
#...............##.#########...#
##............###≈≈≈# ###...##
#..........####≈≈≈######...###
#.#....#.### ###......1..##
####..#### ###...........# ##..#
###....##.........# ##..##
##.....##..####..☼... #..##
#....#........#......


You could see an Ice Fiend.

Vanquished Creatures
  An orc warlord (Orc:2)
  A stone giant (D:15)
  Josephine (Lair:5)
  A merfolk avatar (Shoals:1)
  A caustic shrike simulacrum (IceCv)
  8 hydras
  3 two-headed ogres
  Erica (Lair:1)
  An ogre mage (D:12)
  A vault guard (D:14)
  4 centaur warriors
  A dancing weapon (D:6)
  A merfolk aquamancer (Shoals:1)
  An orc high priest (Orc:2)
  5 boulder beetles
  10 death yaks
  A tengu warrior (D:14)
  A sun demon (Lair:5)
  A skyshark (Lair:5)
  A skeletal warrior (D:14)
  A sea snake (Shoals:1)
  2 deep trolls (D:15)
  The ghost of UltraNumeron the Ruffian, a novice TrMo of Qazlal (D:6)
  A bog body (IceCv)
  An obsidian statue (IceCv)
  3 wizards
  5 harpies (Shoals:1)
  Pikel (D:5)
  7 deep elf pyromancers
  5 cyclopes
  An orc sorcerer (Orc:2)
  A necromancer (D:15)
  An oklob plant (Lair:1)
  5 orc knights
  A faun (Shoals:1)
  8 ugly things
  19 elephants
  8 manticores
  4 black mambas
  2 gargoyles
  13 cane toads
  3 orange demons (Lair:5)
  5 rime drakes
  An efreet (D:13)
  2 unseen horrors
  4 komodo dragons
  4 ice devils
  2 red devils (Lair:5)
  A kobold demonologist (D:12)
  8 freezing wraiths
  3 anaconda simulacra
  A golden dragon simulacrum (IceCv)
  6 trolls
  A wind drake (Lair:2)
  3 meliai (D:15)
  3 merfolk (Shoals:1)
  Prince Ribbit (D:7)
  A hellwing (Lair:5)
  A wolf spider simulacrum (Lair:2)
  A queen bee (Orc:1)
  A wind drake (shapeshifter) (D:13)
  11 polar bears
  An alligator simulacrum (IceCv)
  A raiju (shapeshifter) (D:14)
  21 blink frogs
  A snapping turtle (Shoals:1)
  16 dream sheep
  7 slime creatures
  2 water elementals (Shoals:1)
  Sigmund (D:6)
  A shadow (D:11)
  A spriggan (shapeshifter) (D:15)
  7 wraiths
  2 vampires
  2 dire elephant simulacra (IceCv)
  4 wyverns
  67 yaks
  4 basilisks
  Eustachio (D:6)
  2 steam dragons
  9 vampire mosquitoes
  5 minotaur simulacra (IceCv)
  6 nagas (Lair:3)
  A warg (Orc:2)
  Menkaure (D:7)
  Duvessa (D:7)
  6 acid dragons
  3 hell hounds (Lair:5)
  20 water moccasins
  24 orc warriors
  5 black bears
  An ettin simulacrum (IceCv)
  2 ice beasts
  2 sky beasts (D:7)
  A swamp drake (Lair:4)
  4 wolves (Lair:2)
  11 ogres
  12 centaurs
  4 lemures
  2 elf zombies (Ossuary)
  2 kobold brigands
  10 bullfrogs
  5 scorpions
  3 deep troll simulacra (IceCv)
  2 cane toad simulacra (Lair:2)
  Dowan (D:7)
  A lindwurm simulacrum (IceCv)
  22 killer bees
  An electric eel (D:8)
  2 centaur zombies (Ossuary)
  6 hounds
  19 orc priests
  2 gnoll boudas
  3 jellies
  A water moccasin simulacrum (Lair:2)
  3 sleepcaps
  4 iguanas
  27 orc wizards
  A polar bear simulacrum (Lair:2)
  A centaur simulacrum (D:8)
  3 mummies
  10 gnolls
  7 adders
  2 shadow imps (D:6)
  6 white imps
  2 ufetubi (D:5)
  2 adder zombies (Ossuary)
  2 worms (D:4)
  85 orcs
  4 endoplasms
  7 giant cockroaches
  4 goblins
  4 hobgoblins
  6 jackals
  15 kobolds
  2 quokkas
  3 ball pythons
  6 bats
  A frilled lizard (D:2)
  2 goblin zombies (Ossuary)
  10 hobgoblin zombies
  A jackal zombie (Ossuary)
  12 kobold zombies
  8 orc zombies (Ossuary)
  3 rats
782 creatures vanquished.

Vanquished Creatures (collateral kills)
  Rupert (D:12)
1 creature vanquished.

Vanquished Creatures (others)
  A dream sheep (Lair:4)
1 creature vanquished.

Grand Total: 784 creatures vanquished

Notes
Turn   | Place    | Note
-------+----------+-------------------------------------------
     0 | D:1      | Turgor the Barachi Shapeshifter began the quest for the
                  | Orb.
     0 | D:1      | Reached XP level 1. HP: 15/15 MP: 1/1
   254 | D:1      | Reached XP level 2. HP: 21/21 MP: 2/2
   785 | D:1      | Reached XP level 3. HP: 24/27 MP: 3/3
  1217 | D:2      | Identified the +8 shortbow "Cacizilu" {heavy, *Corrode rN+
                  | Stlth+}
  1301 | D:2      | Identified the +5 leather armour "Veropaon" {rF++}
  1306 | D:2      | Found a faded altar of an unknown god.
  1583 | D:3      | Reached skill level 4 in Shapeshifting
  1809 | D:3      | Reached XP level 4. HP: 33/33 MP: 4/4
  2504 | D:4      | Noticed a water moccasin
  2505 | D:4      | Noticed a scorpion
  2508 | D:4      | Killed a water moccasin
  2509 | D:4      | Reached XP level 5. HP: 41/41 MP: 5/5
  2515 | D:4      | Reached skill level 5 in Shapeshifting
  2515 | D:4      | Reached XP level 6. HP: 42/47 MP: 6/6
  2672 | D:4      | Reached XP level 7. HP: 46/53 MP: 7/7
  2868 | D:4      | Learned a level 2 spell: Lesser Beckoning
  3279 | D:5      | Entered Level 5 of the Dungeon
  3279 | D:5      | Found Koguntiv's Antique Weapon Shoppe.
  3321 | D:5      | Found a white marble altar of Elyvilon.
  3323 | D:5      | Found an ornate altar of the Wu Jian Council.
  3337 | D:5      | Became a worshipper of the Wu Jian Council
  3354 | D:5      | Reached skill level 5 in Unarmed Combat
  3357 | D:5      | Reached skill level 6 in Shapeshifting
  3380 | D:5      | Found a staircase to the Ecumenical Temple.
  3427 | D:5      | Reached XP level 8. HP: 61/61 MP: 8/8
  3438 | D:5      | Found Soeq's General Store.
  3443 | D:5      | Reached skill level 5 in Fighting
  3443 | D:5      | Reached skill level 5 in Dodging
  3518 | D:5      | Found a sand-covered staircase.
  3524 | Ossuary  | Entered an ossuary
  3548 | Ossuary  | Reached * piety under Wu Jian
  3702 | Ossuary  | Reached skill level 7 in Shapeshifting
  3980 | Ossuary  | Reached ** piety under Wu Jian
  4160 | D:5      | Found Qeikozxa's Assorted Antiques.
  4165 | D:5      | Bought a scroll labelled TEUMAO DICVEUH for 27 gold pieces
  4165 | D:5      | Bought a scroll labelled XEIZIEMUVA for 27 gold pieces
  4170 | D:5      | Found a blossoming altar of Fedhas.
  4171 | D:5      | Found an ancient bone altar of Kikubaaqudgha.
  4426 | D:5      | Found Gunojuly's General Store.
  4437 | D:5      | Bought 2 curare-tipped darts for 33 gold pieces
  4437 | D:5      | Bought a scroll of identify for 28 gold pieces
  4450 | D:5      | Found Kyistreich's Distillery.
  4528 | D:6      | Learned a level 4 spell: Vhi's Electric Charge
  4533 | D:6      | Noticed Eustachio
  4538 | D:6      | Noticed Sigmund
  4637 | D:7      | Reached skill level 1 in Translocations
  4637 | D:7      | Reached skill level 1 in Air Magic
  4726 | D:7      | Reached XP level 9. HP: 69/69 MP: 8/10
  4816 | D:7      | Noticed Duvessa
  4823 | D:7      | Noticed Dowan
  4834 | D:7      | Killed Duvessa
  4835 | D:7      | Reached skill level 1 in Spellcasting
  4858 | D:7      | Killed Dowan
  5093 | D:6      | Killed Eustachio
  5110 | D:6      | Reached skill level 8 in Shapeshifting
  5378 | D:5      | Upgraded the game from 0.31-a0-750-gfe7b580527 to
                  | 0.31-a0-765-g67fe2935dc
  5621 | D:6      | Noticed Pikel
  5706 | D:5      | Killed Pikel
  6005 | D:6      | Found a runed translucent door.
  6005 | D:6      | Found a shimmering altar of Xom.
  6005 | D:6      | Noticed UltraNumeron's ghost (novice TrMo)
  6005 | D:6      | Noticed a +2 long sword of chaos
  6068 | D:6      | Found a glowing silver altar of Zin.
  6399 | D:6      | Killed Sigmund
  6400 | D:6      | Reached XP level 10. HP: 64/77 MP: 13/13
  6613 | D:7      | Noticed Prince Ribbit
  6627 | D:7      | Reached *** piety under Wu Jian
  6876 | D:7      | Killed Prince Ribbit
  7122 | D:7      | Noticed Menkaure
  7141 | D:7      | Killed Menkaure
  7460 | D:8      | Noticed a gargoyle
  7469 | D:8      | Killed a gargoyle
  7642 | D:8      | Reached skill level 5 in Translocations
  7650 | D:8      | Reached skill level 5 in Air Magic
  7822 | D:8      | Reached skill level 9 in Shapeshifting
  8023 | D:8      | Found Coeluon's Antique Weapon Shop.
  8235 | D:8      | Noticed a two-headed ogre
  8836 | D:9      | Noticed a two-headed ogre
  8876 | D:9      | Reached **** piety under Wu Jian
  8882 | D:9      | Reached XP level 11. HP: 75/85 MP: 15/15
  8941 | D:9      | Found an opulent altar of Gozag.
  8944 | D:9      | Found a hazy altar of Hepliaklqana.
  8949 | D:9      | Found a glowing golden altar of the Shining One.
  9046 | D:9      | Killed a two-headed ogre
  9216 | D:9      | Reached skill level 10 in Shapeshifting
  9493 | D:9      | Paralysed by an orc wizard for 3 turns
  9713 | D:9      | Found a staircase to the Lair.
  9980 | D:10     | Entered Level 10 of the Dungeon
 10158 | D:10     | Found a shimmering altar of Xom.
 10343 | D:10     | Noticed an orc knight
 10360 | D:10     | Killed an orc knight
 10385 | D:10     | Identified the +7 chain mail "Lufio" {rC+ Int+4}
 10542 | D:10     | Noticed a deep elf pyromancer
 10569 | D:10     | Killed a deep elf pyromancer
 10635 | D:10     | Reached skill level 1 in Armour
 10967 | D:10     | Noticed a cyclops
 10993 | D:10     | Killed a cyclops
 11144 | D:10     | Identified the +2 leather armour of the Plum {Fly rCorr
                  | Int-4 Slay+5}
 11282 | D:11     | Noticed a two-headed ogre
 11293 | D:11     | Killed a two-headed ogre
 11859 | D:11     | Noticed a deep elf pyromancer
 11888 | D:11     | Killed a deep elf pyromancer
 11889 | D:11     | Reached XP level 12. HP: 55/94 MP: 17/17
 12537 | D:12     | Noticed Rupert
 12560 | D:12     | Killed Rupert
 12561 | D:12     | Reached skill level 11 in Shapeshifting
 12607 | D:12     | Noticed a boulder beetle
 12634 | D:12     | Found a staircase to the Orcish Mines.
 12848 | D:12     | Noticed an ogre mage
 12848 | D:12     | Noticed a two-headed ogre
 12855 | D:12     | Paralysed by an ogre mage for 5 turns
 12866 | D:12     | Killed a two-headed ogre
 12889 | D:12     | Killed an ogre mage
 13122 | D:12     | Reached skill level 5 in Armour
 13736 | D:12     | Killed a boulder beetle
 13796 | D:12     | Noticed a boulder beetle
 13833 | D:12     | Killed a boulder beetle
 14092 | D:5      | Bought a wand of digging (4) for 168 gold pieces
 14092 | D:5      | Bought a scroll of teleportation for 30 gold pieces
 14183 | Lair:1   | Entered Level 1 of the Lair of Beasts
 14219 | Lair:1   | Identified the ring of Keddir {Fire +Blink}
 14524 | Lair:1   | Gained mutation: You can hop long distances. [Barachi
                  | growth]
 14524 | Lair:1   | Reached XP level 13. HP: 91/101 MP: 18/20
 14681 | Lair:1   | Noticed Erica
 14690 | Lair:1   | Reached skill level 5 in Spellcasting
 14716 | Lair:1   | Killed Erica
 14885 | Lair:1   | Reached skill level 12 in Shapeshifting
 15741 | Lair:2   | Found a staircase to the Shoals.
 16330 | Lair:2   | Found a transporter.
 16550 | Lair:2   | Found a transporter.
 16742 | Lair:3   | Learned a level 4 spell: Airstrike
 16782 | Lair:3   | Reached skill level 10 in Unarmed Combat
 16988 | Lair:3   | Reached ***** piety under Wu Jian
 16994 | Lair:3   | Found a staircase to the Snake Pit.
 17362 | Lair:3   | Reached XP level 14. HP: 86/108 MP: 21/23
 17456 | Lair:3   | Identified the +7 chain mail "Jirhulov" {-Cast rN+++ Dex+3
                  | Stlth-}
 17818 | Lair:4   | Reached skill level 10 in Translocations
 17818 | Lair:4   | Reached skill level 10 in Air Magic
 17982 | Lair:4   | Found a runed translucent door.
 18123 | Lair:4   | Noticed Maratek's ghost (journeyman OpFi)
 18443 | Lair:4   | Found a staircase to the Slime Pits.
 19726 | Lair:1   | Reached skill level 10 in Fighting
 19912 | D:6      | Killed UltraNumeron's ghost
 20078 | Orc:1    | Entered Level 1 of the Orcish Mines
 20534 | Orc:2    | Entered Level 2 of the Orcish Mines
 20535 | Orc:2    | Upgraded the game from 0.31-a0-765-g67fe2935dc to
                  | 0.31-a0-795-g5eb97db20b
 20535 | Orc:2    | Paralysed by an orc sorcerer for 5 turns
 20579 | Orc:2    | Reached skill level 13 in Shapeshifting
 20705 | Orc:2    | Found Fevasays's Antique Weapon Shoppe.
 20724 | Orc:2    | Found Ryuggoez's General Store.
 21235 | Orc:2    | Found a staircase to the Elven Halls.
 21562 | Orc:2    | Found Qiwkiel's Jewellery Emporium.
 21726 | Orc:2    | Reached ****** piety under Wu Jian
 21784 | Orc:2    | Noticed an orc warlord
 21825 | Orc:2    | Killed an orc warlord
 21887 | Orc:2    | Found Jaff's Antique Weapon Shop.
 21890 | Orc:2    | Found Tukkem's Antique Armour Boutique.
 22431 | Lair:5   | Entered Level 5 of the Lair of Beasts
 22934 | Lair:5   | Reached XP level 15. HP: 86/117 MP: 18/25
 23330 | Lair:5   | Reached skill level 10 in Armour
 25073 | Lair:5   | Noticed Josephine
 25089 | Lair:5   | Killed Josephine
 25268 | Lair:5   | Found a burning altar of Makhleb.
 25630 | Lair:5   | Reached skill level 14 in Shapeshifting
 25646 | Lair:5   | Found a gateway to Hell.
 25911 | Orc:2    | Bought a blade talisman for 600 gold pieces
 26165 | D:13     | Found a broken altar of Ashenzari.
 27811 | D:14     | Reached skill level 10 in Dodging
 27811 | D:14     | Reached XP level 16. HP: 122/123 MP: 26/26
 28206 | D:14     | Found a gate to the Vaults.
 28400 | D:14     | Found an ornate altar of the Wu Jian Council.
 28462 | D:15     | Entered Level 15 of the Dungeon
 28565 | D:15     | Found a staircase to the Depths.
 29421 | D:15     | Identified the amulet of Nodiun {rF+ Regen+}
 29458 | D:15     | Learned a level 3 spell: Swiftness
 29465 | D:15     | Learned a level 6 spell: Conjure Ball Lightning
 30297 | Shoals:1 | Entered Level 1 of the Shoals
 30528 | Shoals:1 | Found a frozen archway.
 30532 | IceCv    | Entered an ice cave
 31135 | IceCv    | Noticed an Ice Fiend
 31135 | IceCv    | Noticed an Ice Fiend
 31304 | IceCv    | Slain by an Ice Fiend

Illustrated notes

Levels and vault maps discovered:
D:1:      evilmike_arrival_plus, layout_basic
D:2:      layout_basic, dreamdust_ecumenical_altar_grove
D:3:      layout_loops_ring
D:4:      layout_loops_ring
D:5:      layout_basic, grunt_temple_overflow_growth_and_decay, minitemple,
          minmay_temple_entry_trees, serial_shops, shop,
          nicolae_shop_back_alley_shop, shop, shop,
          nicolae_shop_tiny_waterfront, nicolae_ossuary_entry_giza,
          kennysheep_generic_room_3
D:6:      layout_loops_cross, zin_statuary, ebering_ghost_xom, uniq_sigmund,
          uniq_eustachio, uniq_pikel
D:7:      layout_gridville, uniq_menkaure, uniq_duvessa, uniq_prince_ribbit1
D:8:      layout_cave_pods, serial_shops, shop, serial_ice, serial_ice_b,
          serial_ice_n, serial_ice_e, serial_ice_j
D:9:      layout_basic, grunt_temple_overflow_diamond,
          due_lair_maze_entry_diamond, minivault_5
D:10:     minmay_tri_box, layout_loops_cross, kennysheep_mini
D:11:     layout_basic
D:12:     layout_irregular_city, minmay_orc_entry_temple_small,
          kennysheep_potato, uniq_rupert
D:13:     layout_loops_cross, cheibrodos_ashenzari_chains
D:14:     layout_roguey, david_vaults_5, nzn_wu_jian_council_hall
D:15:     hangedman_depths_entry_civil_slaughter, layout_basic, minivault_27
Lair:1:   beast_lair_carwin_large_2, layout_loops_ring, minmay_shattered_shrine,
          uniq_erica
Lair:2:   gammafunk_cloud_chamber, layout_long_grid, minmay_shoals_entry_beasts
Lair:3:   layout_hall_layers, minmay_snake_entry_guardpost_medium
Lair:4:   layout_cellular_growth, slime_entry_1, gammafunk_ghost_grave,
          guppyfry_lair_drakes
Lair:5:   evil_forest, layout_regular_city, serial_bayou_lake_a,
          grunt_megastairs_4, uniq_josephine
Shoals:1: layout_shoals, portal_ice_cave_entry_pillars_three
Orc:1:    layout_diamond_mine, special_room [special_room_bee]
Orc:2:    grunt_orc_community_town_hall, layout_diamond_mine,
          grunt_orc_community_big_house_2, grunt_orc_community_big_house_2,
          grunt_orc_community_house_2, grunt_orc_community_house_1,
          grunt_orc_community_house_2, grunt_orc_community_house_2,
          serial_shops, nicolae_shop_trees
IceCv:    ice_cave_small_demon

Skill      XL: |  1  2  3  4  5  6  7  8  9 10 11 12 13 14 15 16 |
---------------+-------------------------------------------------+-----
Fighting       | 2 3 4 5 6 7 8 9 10 11 12 | 12.3
Shapeshifting  | 4 5 6 7 8 9 10 11 12 13 14 | 14.8
Dodging        | 3 4 5 6 7 8 10 | 10.7
Unarmed Combat | 4 5 6 7 8 9 10 11 13 | 13.6
Translocations | 1 4 6 8 9 10 | 10.0
Air Magic      | 1 4 6 8 9 11 12 | 12.0
Spellcasting   | 2 3 4 6 7 |  7.0
Armour         | 3 6 8 9 11 | 11.9

Action                     |  1- 3 |  4- 6 |  7- 9 | 10-12 | 13-15 | 16-18 || total
---------------------------+-------+-------+-------+-------+-------+-------++-------
  Melee: Unarmed           |    67 |    65 |   309 |   698 |  1886 |   314 ||  3339
         Punch             |       |     3 |     1 |       |    15 |    35 ||    54
         Maw               |       |       |       |       |    33 |       ||    33
   Fire: Shortbow          |    13 |    19 |    96 |       |       |       ||   128
   Cast: Airstrike         |       |       |       |       |       |     4 ||     4
         Vhi's Electric Ch |       |       |       |       |       |     1 ||     1
 Invoke: Serpent's Lash    |       |       |       |     9 |     6 |     2 ||    17
         Heavenly Storm    |       |       |       |       |     1 |       ||     1
Ability: Hop               |     2 |       |    14 |    10 |    10 |     3 ||    39
         Whirlwind         |       |       |    20 |     2 |   147 |    16 ||   185
         Lunge             |       |       |    10 |    32 |    60 |    28 ||   130
         Wall Jump         |       |       |    12 |    22 |    88 |     2 ||   124
  Evoke: Wand              |       |       |     6 |    16 |     5 |       ||    27
         Sack of spiders   |       |       |       |     1 |     2 |       ||     3
    Use: Scroll            |     3 |     1 |    13 |     7 |    10 |     6 ||    40
         Potion            |       |     5 |     8 |     6 |     5 |     2 ||    26
   Stab: Paralysed         |       |       |       |     7 |       |       ||     7
 Armour: Animal skin       |    35 |    45 |   170 |    69 |       |       ||   319
         Skin              |       |     6 |     4 |       |    30 |       ||    40
         Leather armour    |       |       |       |   125 |       |       ||   125
         Chain mail        |       |       |       |   220 |  1317 |   270 ||  1807
  Dodge: Dodged            |    39 |    33 |   159 |   308 |   853 |   162 ||  1554
   Form: Flux              |       |       |     1 |       |       |       ||     1
         Blade             |       |       |       |       |     2 |       ||     2
         Maw               |       |       |       |       |     1 |       ||     1

Table legend: (Time is in decaauts)
 A = Elapsed time spent in this place.
 B = Non-inter-level travel time spent in this place.
 C = Inter-level travel time spent in this place.
 D = Time resting spent in this place.
 E = Time spent auto-exploring this place.
 F = Levels seen in this place.
 G = Mean time per level.
                   A        B        C        D        E       F      G
               +--------+--------+--------+--------+--------+-----+--------+
         Total |  34792 |  31725 |   3067 |   4067 |  19466 |  25 | 1391.7 |
       Dungeon |  20596 |  18646 |   1950 |   2186 |  12486 |  15 | 1373.1 |
          Lair |  10034 |   9185 |    849 |   1155 |   5393 |   5 | 2006.8 |
        Shoals |    243 |    243 |      0 |     53 |      0 |   1 |  243.0 |
  Orcish Mines |   2507 |   2240 |    267 |     49 |   1542 |   2 | 1253.5 |
       Ossuary |    589 |    589 |      0 |    173 |     41 |   1 |  589.0 |
      Ice Cave |    820 |    820 |      0 |    450 |      2 |   1 |  820.0 |
               +--------+--------+--------+--------+--------+-----+--------+

Top non-repeatable levels by time:
  Lair:5: 3331 daAuts
  Lair:1: 2051 daAuts
    D:14: 1828 daAuts
    D:12: 1784 daAuts
  Lair:4: 1732 daAuts
   Orc:2: 1729 daAuts
     D:7: 1633 daAuts
  Lair:2: 1567 daAuts
    D:10: 1555 daAuts
     D:9: 1529 daAuts
     D:8: 1499 daAuts
     D:6: 1497 daAuts
    D:11: 1468 daAuts
    D:15: 1388 daAuts
  Lair:3: 1353 daAuts
